 Dungeon Crawl Stone Soup version 0.31.0-11-ge490571c62 (webtiles) character file.

Game seed: 6113548604894697489

59 Curundu the Trooper (level 3, -1/51 HPs)
             Began as a Minotaur Berserker on Jan 31, 2024.
             Was a Believer of Trog.
             Slain by Sigmund
             ... wielding a +0 scythe
              (5 damage)
             ... on level 2 of the Dungeon.
             The game lasted 00:03:10 (1038 turns).

Curundu the Trooper (Minotaur Berserker)            Turns: 1038, Time: 00:03:10

Health: -1/51      AC:  2    Str: 23    XL:     3   Next: 78%
Magic:  2/2        EV: 12    Int:  4    God:    Trog [**....]
Gold:   50         SH:  0    Dex:  9    Spells: 2/2 levels left

rFire   . . .        a - +0 mace
rCold   . . .        (no shield)
rNeg    . . .        b - +0 animal skin
rPois   .            (helmet restricted)
rElec   .            (no cloak)
rCorr   .            (no gloves)
SInv    .            (no boots)
Will    ++...        (no amulet) Stlth
                     (no ring)
HPRegen 1.28/turn    (no ring)
MPRegen 0.08/turn

%: no passive effects
@: berserking (expiring), strong-willed, regenerating, very quick
A: horns 2, retaliatory headbutt
a: Renounce Religion, Berserk, Trog's Hand


You were on level 2 of the Dungeon.
You worshipped Trog.
Trog was pleased with you.
You visited 1 branch of the dungeon, and saw 2 of its levels.

You collected 50 gold pieces.

Inventory:

Hand Weapons
 a - a +0 mace (weapon)
Armour
 b - a +0 animal skin (worn)
Jewellery
 c - a ring of positive energy
Scrolls
 d - a scroll of brand weapon {unknown}
 f - 2 scrolls of immolation {unknown}
 g - a scroll of revelation {unknown}
 h - a scroll of teleportation {unknown}
 j - a scroll of fear {unknown}
Potions
 e - 2 potions of resistance {unknown}
 i - a potion of degeneration {unknown}
 k - 2 potions of heal wounds {unknown}
 l - a potion of curing {unknown}
 m - a potion of berserk rage {unknown}


   Skills:
 + Level 4.6 Fighting
 * Level 1.9(3.0) Axes
 - Level 3.6(3.9) Maces & Flails
 + Level 2.6 Armour
 + Level 2.9 Dodging
 + Level 0.2 Stealth


You had 2 spell levels left.
You didn't know any spells.
Your spell library was empty.

Dungeon Overview and Level Annotations

Branches:
Dungeon (2/15)

Altars:

Shops:
D:1 :

Annotations:
D:2 Sigmund


Innate Abilities, Weirdness & Mutations

You have a pair of horns on your head.
You reflexively headbutt those who attack you in melee.


Message History

Space warps around you.
Sigmund gestures wildly while chanting.
Sigmund flickers and vanishes!
Deactivating autopickup; reactivate with Ctrl-A.
The hobgoblin hits you. The hobgoblin misses you. The kobold barely misses you.
The kobold closely misses you.
Your skin crawls.
You feel strong-willed. The kobold hits you with a +0 club.
The kobold hits you with a +0 whip of distortion.
Space warps around you.
* * * LOW HITPOINT WARNING * * *
The hobgoblin closely misses you.
A red film seems to cover your vision as you go berserk!
You feel yourself moving faster!
You feel mighty!
You can no longer call upon Trog for regeneration and willpower.
The kobold misses you. You furiously retaliate!
You headbutt the kobold.
You kill the kobold!
Trog accepts your kill. The kobold hits you but does no damage.
Space warps around you.
* * * LOW HITPOINT WARNING * * *
Something hits you!
* * * LOW HITPOINT WARNING * * *
The hobgoblin hits you.
* * * LOW HITPOINT WARNING * * *
You sock the hobgoblin!
You kill the hobgoblin!
Trog accepts your kill.
You thump the kobold!
You kill the kobold!
Trog accepts your kill.
You can now call upon Trog for regeneration and willpower.
Something hits you.
* * * LOW HITPOINT WARNING * * *
Things that are here:
a gold piece; a +0 whip of distortion
Found a book of Battle.
You feel a strong urge to attack something.
Something hits you.
You die...

#.......) #.........#
#........ #.........#
#........ #.........#
#.....>.† #.........#
#........ ..........#
#........ ..........#
#........ ......{...#
#........ .......@$.#
#........
.......)..######........
:.#####..............#.#
#..............#.#
..................#.#
...................#
....................#
.##.................#
#.................#


There were no monsters in sight!

Vanquished Creatures
  2 adders (D:2)
  A dart slug (D:1)
  7 ball pythons
  3 bats
  2 endoplasms (D:1)
  A giant cockroach (D:1)
  3 goblins
  5 hobgoblins
  6 kobolds
  2 frilled lizards
  5 rats
37 creatures vanquished.

Vanquished Creatures (others)
  A bat (D:1)
1 creature vanquished.

Grand Total: 38 creatures vanquished

Notes
Turn   | Place    | Note
-------+----------+-------------------------------------------
     0 | D:1      | Curundu the Minotaur Berserker began the quest for the Orb.
     0 | D:1      | Reached XP level 1. HP: 19/19 MP: 0/0
    94 | D:1      | Found Luf Daha's Vocational Training.
   148 | D:1      | Reached skill level 4 in Fighting
   148 | D:1      | Reached XP level 2. HP: 27/27 MP: 1/1
   463 | D:1      | Reached skill level 1 in Axes
   938 | D:2      | Reached XP level 3. HP: 32/34 MP: 2/2
   959 | D:2      | Reached ** piety under Trog
  1028 | D:2      | Noticed Sigmund
  1034 | D:2      | HP: 2/51 [hobgoblin (3)]
  1038 | D:2      | Slain by Sigmund

Illustrated notes

Levels and vault maps discovered:
D:1:      nzn_arrival_depleted_hourglass, layout_loops_ring,
          nicolae_shop_vocational
D:2:      layout_basic, uniq_sigmund

Skill      XL: |  1  2 |
---------------+-------+-----
Fighting       | 4 |  4.6
Axes           | 1 |  1.9
Maces & Flails | |  3.6
Armour         | |  2.6
Dodging        | |  2.9
Stealth        | |  0.2

Action                     || total
---------------------------++-------
  Melee: Mace              ||    78
         Headbutt          ||    10
 Invoke: Berserk           ||     1
         Trog's Hand       ||     1
 Armour: Animal skin       ||    57
  Dodge: Dodged            ||    69
